[Event "*** Titled Tuesday Blitz"]
[Site "Chess.com"]
[Date "2021.04.20"]
[Round "3"]
[White "Mr_Sinigami"]
[Black "eCztery"]
[Result "1-0"]
[WhiteElo "2596"]
[BlackElo "2390"]
[TimeControl "180+1"]
[EndTime "10:29:00 PDT"]
[Termination "Mr_Sinigami won by checkmate"]

1. d4 Nf6 2. Nf3 e6 3. Bf4 d5 4.
e3 c5 5. Nbd2 Nc6 6. c3 Bd6 7.
Bg3 O-O 8. Bb5 Qe7 9. Bxc6 bxc6 10. Qa4 Bxg3 11. hxg3 c4 12. Qxc6 Bd7 13. Qa6 Rfb8 14. b4 Rb6 15. Qa5 Qd6 16. Ne5 Ra6 17. Qc5 Qb8 18. a4 Bxa4 19. O-O Ne8 20. Ra3 f6 21. Rfa1 fxe5 22. Rxa4 Rxa4 23. Rxa4 e4 24. Ra6 Nf6 25. Rxe6 Qb7 26. Re7 Qb6 27. Rc7 Qa6 28. Qe7 Qa1+ 29. Nf1 Nh5 30. Qf7+ Kh8 31. Qxh5 Qxc3 32. Qxd5 Rg8 33.
Rxc4 Qb3 34. Qe6 h6 35. Qc6 Kh7 36. Qxe4+ Kh8 37. Rc7 Rf8 38. Qe5 Qg8 39. Rc6 Qh7 40. Rc7 Qg8 41. Rxa7 Re8 42. Re7 Rf8 43. b5 Qh7 44. b6 Rg8 45. b7 Qb1 46. Rxg7 Rxg7 47. b8=Q+ Qxb8 48. Qxb8+ Kh7 49. Qe5 h5 50. Nh2 Kg6 51. Nf3 h4 52. Nxh4+ Kf7 53. Nf5 Rg6 54. d5 Ra6 55. d6 Rc6 56. Qe7+ Kg6 57. Nd4 Rc1+ 58.
Kh2 Kh5 59. Qh7+ Kg5 60. f4+ Kf6 61. Qe7+ Kg6 62. f5+ Kh5 63. Qh7+ Kg4 64. Qh4# 1-0

[Event "*** Titled Tuesday Blitz"]
[Site "Chess.com"]
[Date "2021.04.20"]
[Round "3"]
[White "KacperPolOK"]
[Black "prachiti01"]
[Result "1-0"]
[WhiteElo "2368"]
[BlackElo "2200"]
[TimeControl "180+1"]
[EndTime "10:29:01 PDT"]
[Termination "KacperPolOK won on time"]

1. e4 e6 2. d4 d5 3. Nd2 Nc6 4. Bb5 Bd7 5. c3 a6 6. Ba4 Nb8 7. Bc2 c5 8. exd5 exd5 9. Ngf3 Nf6 10. O-O cxd4 11. Nxd4 Be7 12. Nf5 Bxf5 13. Bxf5 O-O 14. Nb3 Nc6 15. Nd4 Bc5 16. Be3 Nxd4 17. Bxd4 Bxd4 18. Qxd4 Qd6 19. Rad1 Rad8 20. Rfe1 g6 21. Bc2 Rfe8 22. Rxe8+ Rxe8 23. f3 Re2 24. Rd2 Re1+ 25. Kf2 Re6 26. g3 Qc7 27. Bb3 Rd6 28. c4 Rd7 29. c5 Ne8 30. Bc2 Qd8 31. b4 Nc7 32. a4 Ne6 33. Qe5 b6 34. c6 Re7 35. b5 axb5 36. axb5 d4 37. Be4 Nc7 38. Qxd4 Qxd4+ 39.
Rxd4 Nxb5 40. Rb4 Nc7 41. Rxb6 f5 42. Bd3 Kf7 43. Bc4+ Kf6 44. Rb8 Ke5 45. Rd8 Rg7 46. f4+ Kf6 47. Rd6+ Ke7 48. Rd7+ Kf8 49. Rd8+ Ke7 50.
Rc8 Kd6 51. Kf3 Kxc6 52. h4 Kd7 53. Rb8 Re7 54. h5 Kd6 55. hxg6 hxg6 56. Rg8 Ne8 57. Rxg6+ Kc5 58. Bg8 Ng7 59. Rf6 Kd4 60. Bh7 Re3+ 61. Kf2 Re7 62. Bxf5 Kc3 63. Bg6 Kd2 64. Kf3 Re3+ 65.
Kg4 1-0

[Event "*** Titled Tuesday Blitz"]
[Site "Chess.com"]
[Date "2021.04.20"]
[Round "3"]
[White "GMRafpig"]
[Black "Cambek64"]
[Result "1-0"]
[WhiteElo "2684"]
[BlackElo "2478"]
[TimeControl "180+1"]
[EndTime "10:29:02 PDT"]
[Termination "GMRafpig won on time"]

1. c4 c6 2. d4 d5 3. Nf3 Nf6 4.
e3 a6 5. Nbd2 b5 6. cxd5 cxd5 7.
Bd3 e6 8. O-O Bb7 9. a4 b4 10. Nb3 Nbd7 11. Bd2 Bd6 12. Rc1 a5 13. Bb5 O-O 14. Nc5 Ra7 15. Nxb7 Rxb7 16. Rc6 Nb8 17. Rc2 Rc7 18. Qb1 Qe7 19. Rxc7 Qxc7 20. Rc1 Qb7 21. Qc2 Ne4 22. Be1 h6 23. Ne5 Rd8 24. Nc6 Nxc6 25. Qxc6 Qa7 26. f3 Nf6 27. Bg3 Bxg3 28.
hxg3 e5 29. Qc7 Qxc7 30. Rxc7 exd4 31. exd4 Kf8 32. Kf2 Ra8 33. g4 Ne8 34. Rc5 Nf6 35.
Rc7 Ne8 36. Bxe8 Kxe8 37. Rc5 Ke7 38. Rxd5 Rc8 39. Rxa5 Rc2+ 40. Kg3 Rxb2 41. Rb5 b3 42. a5 Kd6 43. a6 Ra2 44. Rxb3 Rxa6 45. Rb7 Ke6 46. Kf4 Ra2 47. d5+ Kf6 48. Kg3 Rd2 49. Rd7 g5 50. Rd6+ Kg7 51. Kh3 f6 52. g3 Kf7 53. f4 Ke7 54. Re6+ Kf7 55. Rd6 Ke7 56. Ra6 Rxd5 57. Ra7+ Ke6 58. Rh7 Rd1 59. Kg2 Rd2+ 60.
Kf3 Rh2 61. f5+ Ke5 62. Re7+ Kd5 63. Re6 h5 64. gxh5 Rxh5 65. Rxf6 Ke5 66. Rf8 Rh1 67. Kg4 Rg1 68. Re8+ Kf6 69. Re6+ Kf7 70. Rg6 Rg2 71. Rxg5 1-0

[Event "*** Titled Tuesday Blitz"]
[Site "Chess.com"]
[Date "2021.04.20"]
[Round "3"]
[White "kubal123"]
[Black "JoachimMouhamad"]
[Result "0-1"]
[WhiteElo "2227"]
[BlackElo "2455"]
[TimeControl "180+1"]
[EndTime "10:29:04 PDT"]
[Termination "JoachimMouhamad won by resignation"]

1. d4 d5 2. c4 e6 3. Nc3 a6 4. cxd5 exd5 5. Nf3 h6 6. Bf4 Nf6 7. e3 Bd6 8. Bxd6 Qxd6 9. Bd3 Bg4 10. O-O O-O 11. h3 Bxf3 12. Qxf3 Nbd7 13. Rac1 c6 14.
Ne2 Rfe8 15. Ng3 g6 16. Rfe1 Kg7 17. a3 a5 18. h4 h5 19. Rc2 Qe7 20. Qf4 Ne4 21.
f3 Nxg3 22. Qxg3 Qf6 23. Rce2 Re7 24. Qf2 Rae8 25. g3 Nb6 26. Kg2 Nc8 27. e4 dxe4 28. fxe4 Qxf2+ 29. Rxf2 Rd8 30. d5 cxd5 31. e5 Rde8 32.
Ref1 Rf8 33. Rf6 Re6 34. Rxe6 fxe6 35. Rc1 Na7 36. Rc7+ Rf7 37. Rc5 Nc6 38. Be2 Kf8 39. g4 hxg4 40. Bxg4 Ke7 41. Rb5 Nxe5 42. Rxb7+ Kf8 43.
Rb8+ Kg7 44. Be2 d4 45. Rd8 Rd7 46. Re8 d3 47. Bd1 Kf7 48. Rb8 Nc4 49. Kf2 d2 50. Ke2 Rd4 51. Rb7+ Kf6 52. b3 Nxa3 53. Ra7 Nb1 54.
Rc7 Ke5 55. Rc2 Rxh4 56. Kd3 Na3 57. Rxd2 Rd4+ 58. Kc3 Rxd2 59. Kxd2 Nb5 60. Kd3 Nd6 61. Kc3 g5 62. b4 axb4+ 63. Kxb4 Kf4 64. Kc5 Nf5 65. Kc4 e5 66. Kd3 Ne3 67. Be2 Nf5 68. Kd2 Nd4 69. Bd1 e4 70. Ke1 e3 71. Kf1 g4 72. Kg2 Nf3 73. Kf1 Kg3 74. Ke2 Kf4 75. Bc2 Nd4+ 76. Kd3 Nxc2 77. Kxc2 Kf3 78. Kd3 Kf2 79.
Kd4 e2 80. Kc5 e1=Q 81. Kc6 Qd2 82. Kb6 Ke3 83. Kc7 Ke4 84. Kc6 Ke5 85. Kb7 Qd6 0-1

[Event "*** Titled Tuesday Blitz"]
[Site "Chess.com"]
[Date "2021.04.20"]
[Round "3"]
[White "blitzking1729"]
[Black "Andreikka"]
[Result "1/2-1/2"]
[WhiteElo "2646"]
[BlackElo "2863"]
[TimeControl "180+1"]
[EndTime "10:29:06 PDT"]
[Termination "Game drawn - insufficient material"]

1. d4 Nf6 2. c4 e6 3. Nf3 d5 4. Nc3 Bb4 5. Bg5 h6 6. Bxf6 Qxf6 7. Qa4+ Nc6 8. e3 O-O 9. Be2 dxc4 10. Bxc4 Bd7 11. Qc2 Rfd8 12. O-O Qe7 13. a3 Bd6 14. Rfd1 Be8 15. Rac1 e5 16. Nd5 Qf8 17. dxe5 Nxe5 18. Nxe5 Bxe5 19. Qe4 Bd6 20. Bd3 f5 21. Qe6+ Qf7 22.
Bxf5 Qxe6 23. Bxe6+ Kf8 24. Nc3 Be5 25. f4 Bxc3 26. bxc3 Ke7 27. Bd5 c6 28. Bf3 a5 29.
Kf2 Bf7 30. Rxd8 Rxd8 31. Rb1 Rd7 32. Bg4 Rd2+ 33. Ke1 Rxg2 34. Rxb7+ Kf6 35. Bf3 Rc2 36. Bxc6 Rxc3 37. Be4 Rxa3 38. Rb6+ Ke7 39. Rb7+ Kf6 40.
Rb6+ Ke7 41. Rb7+ Kf8 42. Kf2 g5 43. f5 Rc3 44. f6 Rc8 45. Bf5 Rd8 46. e4 a4 47. Ra7 Bb3 48. e5 Re8 49. Ra5 Kf7 50. Ra7+ Kf8 51. Bg6 Rc8 52. Rh7 Kg8 53. f7+ Bxf7 54.
Rxf7 Rc6 55. Rf6 Rxf6+ 56. exf6 a3 57. Bb1 Kf7 58. Kf3 h5 59. Ba2+ Kxf6 60. Ke4 Kg6 61.
Ke5 h4 62. Ke4 g4 63. Kf4 g3 64. hxg3 hxg3 65. Kxg3 Kf6 66. Kf3 Ke5 67. Ke3 Kd6 68.
Kd3 Kc7 69. Kc3 Kb8 70. Kb3 Kc7 71. Kxa3 1/2-1/2

[Event "*** Titled Tuesday Blitz"]
[Site "Chess.com"]
[Date "2021.04.20"]
[Round "3"]
[White "sorrm8thatscheckm8"]
[Black "mapleaff"]
[Result "0-1"]
[WhiteElo "2572"]
[BlackElo "2397"]
[TimeControl "180+1"]
[EndTime "10:29:08 PDT"]
[Termination "mapleaff won by resignation"]

1. d4 Nf6 2. c4 e6 3. Nf3 d5 4. Nc3 dxc4 5. e3 b5 6. Nxb5 Bb4+ 7. Bd2 Bxd2+ 8. Qxd2 O-O 9. Bxc4 Bb7 10. Be2 Ne4 11. Qc2 c5 12. dxc5 Qa5+ 13. Nc3 Nxc3 14. Qxc3 Qxc3+ 15. bxc3 Rc8 16. Rb1 Be4 17. Rb4 f5 18.
Ng5 Nc6 19. Nxe4 Nxb4 20. cxb4 fxe4 21. O-O a5 22. a3 Rab8 23. Bc4 Kf7 24. f3 axb4 25.
axb4 Rxb4 26. fxe4+ Ke7 27. Be2 Rxc5 28. Bf3 Rbc4 29.
h4 Rc1 30. g4 Rxf1+ 31. Kxf1 Rc2 32. e5 Rc5 33. Ke2 Rxe5 34. Kf2 Ra5 35. Kg3 h6 36. Kf4 g5+ 37. hxg5 hxg5+ 38. Kg3 Kf6 39. Be4 Ra3 40. Kf3 Ke5 41. Bg6 Rc3 42. Bf7 Rc7 43. Bg6 Rg7 44. Bd3 Rg8 45. Bh7 Rh8 46. Bg6 Rh6 47. Bh5 Rf6+ 48.
Ke2 Rh6 49. Kf3 Rh7 50. Ke2 Ra7 51. Kf3 Ra3 52. Bg6 Ra1 53. Bh7 Rh1 54. Bg6 Rh3+ 55. Ke2 Kd5 56. Kd3 e5 57. Be4+ Kc5 58. Bf5 Rg3 59. Ke4 Kd6 60. Kd3 Rg1 61. Be4 Rxg4 62.
Bf5 Ra4 63. Ke2 e4 64. Kf2 Ke5 65. Bg6 Ra2+ 66. Kg3 Re2 67. Kg4 Rxe3 68. Kxg5 Rg3+ 69. Kh5 Rxg6 70. Kxg6 0-1

[Event "*** Titled Tuesday Blitz"]
[Site "Chess.com"]
[Date "2021.04.20"]
[Round "3"]
[White "champ2005"]
[Black "Witik"]
[Result "1/2-1/2"]
[WhiteElo "2997"]
[BlackElo "2682"]
[TimeControl "180+1"]
[EndTime "10:29:21 PDT"]
[Termination "Game drawn - insufficient material"]

1. Nf3 d5 2. e3 Nf6 3. c4 e6 4. b3 c5 5. Bb2 Nc6 6. cxd5 exd5 7. d4 cxd4 8. exd4 Ne4 9. Nbd2 Bb4 10. a3 Bc3 11. Qc1 Bxb2 12. Qxb2 O-O 13. Be2 Re8 14. O-O Bg4 15. h3 Nxd2 16. Qxd2 Rxe2 17. Qxe2 Nxd4 18. Qe5 Nxf3+ 19. gxf3 Bxh3 20. Rfe1 Be6 21. Rac1 Rc8 22. b4 Rc4 23. Red1 Rxc1 24. Rxc1 h6 25. Rd1 Qc8 26. Qd4 a6 27. Kh2 Qc2 28.
Rg1 f6 29. Rg2 Qf5 30. Qg4 Qe5+ 31. Qg3 Qg5 32. Qxg5 hxg5 33. Kg3 Kf7 34. f4 gxf4+ 35.
Kxf4 g5+ 36. Ke3 Bd7 37. Kd4 Ke6 38. Rh2 Bc6 39. Rh3 Kf5 40. Rf3+ Kg6 41. Rg3 f5 42. Ke5 f4 43. Rg1 d4 44. Kxd4 Kf5 45. Re1 Kg4 46.
Rg1+ Kf5 47. Kd3 g4 48. Ke2 Bb5+ 49. Ke1 Bc6 50. Kf1 Bf3 51. Ke1 Ke4 52. Kd2 Kd4 53.
Rc1 g3 54. fxg3 fxg3 55. Ke1 Bc6 56. Kf1 g2+ 57. Kf2 Kd3 58. Rc5 Kd4 59. Kg1 Kd3 60.
Rc1 Kd4 61. Rc5 Kd3 62. Kf2 Kd4 63. Rg5 Kc3 64. Rg3+ Kb2 65. Re3 Ka2 66. Kg1 Kb2 67. a4 Bxa4 68. Kxg2 Bb3 69. Re7 b6 70. Ra7 Bc4 71. Kf2 Kb3 72. Rb7 b5 73. Ra7 Kxb4 74. Rxa6 Kc3 75. Rb6 b4 76. Ke1 b3 77. Kd1 b2 78. Rxb2 Kxb2 1/2-1/2

[Event "*** Titled Tuesday Blitz"]
[Site "Chess.com"]
[Date "2021.04.20"]
[Round "3"]
[White "Margency"]
[Black "Sergey85Rodchenkov"]
[Result "1/2-1/2"]
[WhiteElo "2716"]
[BlackElo "2512"]
[TimeControl "180+1"]
[EndTime "10:29:30 PDT"]
[Termination "Game drawn by repetition"]

1. e4 c5 2. Nf3 d6 3. d4 cxd4 4. Nxd4 Nf6 5. Nc3 a6 6. Be3 e5 7.
Nb3 Be7 8. f3 Be6 9. Qd2 Qc7 10.
O-O-O b5 11. g4 O-O 12. g5 b4 13. Ne2 Nfd7 14. Kb1 a5 15. f4 a4 16. Nbc1 b3 17.
cxb3 axb3 18. a3 Rc8 19. Nc3 exf4 20. Bxf4 Ne5 21. Bb5 Qa5 22. N1e2 Nbd7 23. Nd4 Nc4 24. Bxc4 Rxc4 25. Nxe6 fxe6 26. Qd3 Rac8 27. Rc1 Ne5 28.
Qh3 Bf8 29. Qxe6+ Kh8 30. Nd5 Rxc1+ 31. Rxc1 Rxc1+ 32. Bxc1 Qe1 33. Ne7 Qxe4+ 34. Ka1 Qc4 35. Qxc4 Nxc4 36. Nd5 Kg8 37. Bf4 Kf7 38. Kb1 Ke6 39.
Ne3 d5 40. Nxc4 dxc4 41. Bd2 g6 42. Kc1 Kd5 43. a4 Bc5 44. Kd1 Ke4 45. Bc3 Kd3 46.
Ke1 Be3 47. a5 Ba7 48. h4 Kc2 49. Ke2 Bg1 50. a6 Bb6 51. Kf3 Kd3 52. Kf4 Bc7+ 53. Be5 Bb6 54. Bc3 Bc7+ 55. Kf3 Bb6 56. Be5 Bc5 57. Bc3 Be3 58. Kg4 Bb6 59. h5 Bc5 60.
hxg6 hxg6 61. Kf4 Bd6+ 62. Kf3 Bc5 63. Be1 Bd4 64. Bf2 Bxf2 65. Kxf2 c3 66. bxc3 b2 67.
a7 b1=Q 68. a8=Q Kxc3 69. Qc6+ Kd4 70. Qf6+ Kd5 71. Qf3+ Ke6 72. Qf6+ Kd5 73. Qf7+ Ke5 74. Qe7+ Kf5 75. Qf6+ Kg4 76. Qf3+ Kxg5 77. Qe3+ Kf6 78. Qd4+ Kf5 79. Qd7+ Kg5 80. Qe7+ Kh6 81. Qh4+ Kg7 82. Qe7+ Kh6 83. Qh4+ Kg7 84. Qe7+ Kh6 1/2-1/2

[Event "*** Titled Tuesday Blitz"]
[Site "Chess.com"]
[Date "2021.04.20"]
[Round "3"]
[White "GMSrinath"]
[Black "WPWPWP-2015"]
[Result "1-0"]
[WhiteElo "2852"]
[BlackElo "2459"]
[TimeControl "180+1"]
[EndTime "10:29:32 PDT"]
[Termination "GMSrinath won by checkmate"]

1. e4 e5 2. Nf3 Nf6 3. Nxe5 d6 4. Nf3 Nxe4 5. d4 d5 6. Bd3 Bd6 7. O-O O-O 8. c4 c6 9. Qc2 Na6 10. a3 Bg4 11. Bxe4 dxe4 12. Qxe4 f5 13. Qe6+ Kh8 14.
Ng5 Bh5 15. Qe1 Re8 16. Qc3 h6 17. Qh3 Bg6 18. Nc3 Qf6 19. Nf3 Kg8 20. Qh4 Qf7 21. c5 Be7 22. Qg3 Bf6 23. Bf4 Rad8 24. Ne5 Bxe5 25.
Bxe5 f4 26. Bxf4 Rxd4 27. Bd6 Rd3 28. Qg4 Bf5 29. Qf4 Qg6 30. Rfe1 Rxe1+ 31. Rxe1 Kh7 32. h4 Bh3 33. g3 b6 34. Re7 Nxc5 35. Bxc5 bxc5 36.
Qe5 Bf5 37. h5 Qg5 38. Rf7 Bg4 39. Qxg5 hxg5 40. Rxa7 Bxh5 41. Re7 Bf3 42. Re3 Rxe3 43. fxe3 c4 44. e4 Bg4 45. a4 Kg6 46. a5 Bc8 47.
Kf2 Kf6 48. Ke3 Ke5 49. Ne2 c5 50. Ng1 Bb7 51. Nf3+ Kf6 52. Nd2 Ba6 53. Nb1 Ke5 54. Nc3 Bb7 55. Na4 Bd5 56. exd5 Kxd5 57. Kd2 Kc6 58. Nc3 Kb7 59. Ne4 Ka6 60. Kc3 Kxa5 61. Kxc4 Ka4 62. Nxg5 g6 63. Ne6 Ka5 64. Nxc5 Kb6 65. b4 Kc6 66. b5+ Kb6 67. Kb4 Ka7 68.
Nd3 Kb6 69. Ne5 Ka7 70. Nxg6 Kb6 71. Nf4 Kc7 72. Nd3 Kd6 73. Nc1 Kd5 74. Nb3 Kd6 75.
Kc4 Kd7 76. Nc5+ Ke7 77. Kd4 Kd6 78. Kc4 Kc7 79. g4 Kb6 80. Nd3 Ka5 81. g5 Kb6 82.
Nb4 Kc7 83. Nc6 Kb6 84. Kb4 Kb7 85. Kc5 Kc7 86. b6+ Kb7 87. Kb5 Ka8 88. g6 Kb7 89. Nb4 Ka8 90. Nc2 Kb7 91. Ne1 Ka8 92. Ng2 Kb7 93. Nh4 Kc8 94. Kc5 Kb7 95. g7 Kb8 96.
Nf3 Kb7 97. Nd2 Ka6 98. Nc4 Kb7 99. Na3 Ka6 100. Nb1 Kb7 101. Nc3 Ka6 102. Ne2 Kb7 103. Nc1 Kc8 104. Nd3 Kb7 105. Nf4 Ka8 106. g8=Q+ Kb7 107. Qf7+ Ka6 108. Qa7# 1-0

[Event "*** Titled Tuesday Blitz"]
[Site "Chess.com"]
[Date "2021.04.20"]
[Round "3"]
[White "cukin84"]
[Black "Blitzking642"]
[Result "1/2-1/2"]
[WhiteElo "2130"]
[BlackElo "2469"]
[TimeControl "180+1"]
[EndTime "10:29:32 PDT"]
[Termination "Game drawn - insufficient material"]

1. e4 c5 2. Nc3 Nc6 3. Bb5 Nd4 4.
Bc4 e6 5. Nf3 Ne7 6. Nxd4 cxd4 7. Ne2 Nc6 8. d3 Be7 9. O-O O-O 10. Bb3 f5 11. f3 b6 12. c3 Bc5 13. Kh1 Bb7 14.
Ng3 Kh8 15. Qd2 Qh4 16. Qg5 Qxg5 17. Bxg5 Ne5 18. Rad1 Ba6 19. c4 f4 20. Ne2 Ng6 21. g3 e5 22. gxf4 exf4 23. Rg1 Bd6 24. Ba4 Rf7 25.
a3 Raf8 26. b4 Ne5 27. Nxd4 h6 28. Bh4 g5 29. Bf2 Bb7 30. Rd2 Kh7 31. Bd1 Bb8 32. Nb5 a6 33. Nc3 Bc7 34. Nd5 Bxd5 35. cxd5 a5 36.
d4 Nc4 37. Rd3 axb4 38. axb4 Bd6 39. Rb3 Ra8 40. Be2 Ne3 41. Bxe3 fxe3 42. Rxe3 Ra2 43. e5 Bxb4 44. e6 dxe6 45. dxe6 Re7 46. d5 Kg7 47.
Bd3 Bc5 48. Rge1 Kf6 49. Re4 Rd2 50. Bb5 Rxd5 51. f4 Rf5 52. fxg5+ hxg5 53. Bd7 Bd6 54. R4e2 Rf4 55. Kg1 Bc5+ 56. Kg2 Bd6 57. Rf1 Rxf1 58. Kxf1 b5 59. Kg2 b4 60. Kf3 Bf4 61. Ke4 Bd6 62. Kd5 Bf4 63. Rb2 g4 64. Rxb4 Bxh2 65. Rxg4 Bc7 66. Rh4 Bg3 67. Rh6+ Kg7 68. Rh3 Bc7 69.
Rf3 Kg6 70. Rf8 Bg3 71. Kc6 Kg5 72. Kb7 Kg6 73. Kc8 Kg7 74. Rf3 Be5 75. Kd8 Bf6 76.
Rxf6 Kxf6 77. Bc8 Rg7 78. Bd7 Rg8+ 79. Kc7 Ke7 80. Kc6 Rg4 81. Kd5 Rg5+ 82. Ke4 Rg6 83. Kf5 Rf6+ 84. Ke5 Rf8 85. Ke4 Rb8 86. Ke5 Rb6 87. Ke4 Rxe6+ 88. Bxe6 1/2-1/2

[Event "*** Titled Tuesday Blitz"]
[Site "Chess.com"]
[Date "2021.04.20"]
[Round "3"]
[White "Rytenko_V"]
[Black "AungTZ"]
[Result "1-0"]
[WhiteElo "2346"]
[BlackElo "2127"]
[TimeControl "180+1"]
[EndTime "10:29:35 PDT"]
[Termination "Rytenko_V won by checkmate"]

1. d4 Nf6 2. c4 e6 3. Nc3 d5 4.
Nf3 Be7 5. Bg5 O-O 6. e3 Ne4 7. Bxe7 Qxe7 8. Nxe4 dxe4 9. Nd2 f5 10. f3 exf3 11. Qxf3 Kh8 12. Bd3 c5 13. O-O Nc6 14. Nb3 cxd4 15. exd4 Bd7 16. Rae1 Qd6 17. c5 Qc7 18. Bc4 Rae8 19. Re2 Nxd4 20. Nxd4 Qxc5 21. Qd3 e5 22. Rd2 exd4 23. Qxd4 Qxd4+ 24. Rxd4 Bc6 25. Rd2 g6 26. Rfd1 Kg7 27. Kf2 Re7 28. g3 Rfe8 29. b3 g5 30. b4 f4 31. gxf4 Rf8 32.
Rd4 gxf4 33. Rg1+ Kh6 34. b5 Be4 35. Re1 Rfe8 36. a4 Kg5 37. Rg1+ Kf6 38. Re1 Re5 39. h4 h6 40. Rd6+ Ke7 41. Rxh6 Kd8 42. Rh7 Kc8 43. Rg7 Kb8 44. Rd1 a6 45. bxa6 bxa6 46. Bxa6 Rc5 47. Rd2 Rc3 48. Bb5 Rf3+ 49. Kg1 Rc8 50. Rf2 Rc1+ 51. Bf1 Rxf2 52. Kxf2 Rc3 53. Rf7 Bb7 54. Rxf4 Ra3 55. Bb5 Ra2+ 56. Kg3 Rg2+ 57. Kh3 Rg1 58. Rf8+ Ka7 59. Rf7 Kb6 60. Rf6+ Kc5 61. h5 Rh1+ 62.
Kg4 Rg1+ 63. Kf5 Rh1 64. Kg6 Be4+ 65. Kh6 Bc2 66. Rf7 Bd1 67. Rf5+ Kb6 68. Rg5 Rh4 69.
Be8 Bxa4 70. Kg7 Bxe8 71. h6 Bc6 72. h7 Be4 73. h8=Q Rxh8 74. Kxh8 Bc6 75. Kg7 Kc7 76. Kf6 Kd6 77. Rg1 Bd5 78. Rd1 Kc5 79. Ke5 Bc4 80.
Rc1 Kb4 81. Kd4 Bb5 82. Rb1+ Ka5 83. Kc5 Ba4 84. Ra1 Ka6 85. Rxa4+ Kb7 86. Rd4 Kc7 87. Rd6 Kb7 88. Rc6 Kb8 89. Kb6 Ka8 90. Rc8# 1-0

[Event "*** Titled Tuesday Blitz"]
[Site "Chess.com"]
[Date "2021.04.20"]
[Round "3"]
[White "RiskyDecision"]
[Black "barbara25"]
[Result "0-1"]
[WhiteElo "2429"]
[BlackElo "2318"]
[TimeControl "180+1"]
[EndTime "10:29:37 PDT"]
[Termination "barbara25 won by resignation"]

1. d4 d5 2. c4 c6 3. cxd5 cxd5 4. Bf4 Nf6 5. e3 e6 6. Nc3 Nc6 7. Bd3 Bb4 8. Rc1 O-O 9. Nf3 Ne4 10. O-O Bxc3 11.
bxc3 f5 12. c4 h6 13. cxd5 exd5 14. Ne5 Nxe5 15. Bxe5 Be6 16. f3 Nf6 17. Qb3 b6 18. Rc7 Rf7 19. Rfc1 Rc8 20. Rxc8 Bxc8 21. Rc6 Bb7 22.
Rd6 Qc8 23. Bxf6 Rxf6 24. Rxf6 gxf6 25. Qc2 Qe6 26. Kf2 f4 27. exf4 Qe7 28. Qc3 a6 29. g4 b5 30. h4 Qd6 31. Kg3 Qe7 32. Qd2 b4 33. f5 Kg7 34. Qe2 Qc7+ 35. f4 a5 36. Qe8 Qf7 37. Qd8 a4 38. Qb6 Qe7 39. Kf2 Bc8 40. Bc2 Bd7 41. Qa7 Qd6 42. Kf3 Qc6 43. Bd3 Kf8 44. Qb8+ Ke7 45. Qxb4+ Kf7 46. Qd2 a3 47. Be2 Qd6 48. g5 hxg5 49. hxg5 Qc6 50. g6+ Kg7 51. Bd3 Qb6 52. Qe3 Qd6 53. Kg4 Bc6 54.
Bc2 Bd7 55. Bb3 Bc6 56. Qd3 Bd7 57. Kg3 Qe7 58. Kf3 Qd6 59. Kg3 Qe7 60. Bxd5 Qe1+ 61. Kf3 Qh1+ 62. Kg3 Qxd5 63. Qxa3 Qxf5 64. Qe7+ Kxg6 65.
Qd6 Qg4+ 66. Kf2 Qe6 67. Qxe6 Bxe6 68. a4 Bc4 69. Ke3 Kf5 70. a5 Ke6 71. Ke4 f5+ 72.
Ke3 Kd5 73. Kf3 Kxd4 74. Kg3 Ke4 75. Kh4 Kxf4 76. Kh3 Ba6 77. Kh4 Ke3 78. Kh3 f4 79. Kg2 f3+ 80. Kg1 f2+ 81. Kg2 f1=Q+ 0-1

[Event "*** Titled Tuesday Blitz"]
[Site "Chess.com"]
[Date "2021.04.20"]
[Round "3"]
[White "olksuna"]
[Black "FGHSMN"]
[Result "0-1"]
[WhiteElo "2651"]
[BlackElo "2494"]
[TimeControl "180+1"]
[EndTime "10:29:41 PDT"]
[Termination "FGHSMN won on time"]

1. e4 c5 2. Nf3 e6 3. d4 cxd4 4.
Nxd4 a6 5. c4 Nf6 6. Nc3 Qc7 7.
Be2 Bb4 8. Qd3 Nc6 9. Nxc6 dxc6 10. a3 Be7 11. f4 b5 12. e5 Nd7 13. O-O bxc4 14.
Qg3 O-O 15. Bxc4 Nb6 16. Bd3 Nd5 17. Ne4 Kh8 18. Ng5 g6 19. Kh1 Rb8 20. Qh4 Bxg5 21. Qxg5 Qd8 22. Qh6 Rg8 23. Rf3 Qf8 24. Qh4 Qd8 25.
Qe1 c5 26. Rh3 Bb7 27. Be4 Ne7 28. Bxb7 Rxb7 29. b3 Nf5 30. Bb2 Rd7 31. Bc3 Rd5 32. g4 Nd4 33. Qh4 Qxh4 34. Rxh4 Nxb3 35. Rf1 Rgd8 36.
Rh3 c4 37. f5 Rd1 38. Rf3 Rxf1+ 39. Rxf1 Kg8 40. fxe6 fxe6 41. Rf6 Rd3 42. Bb4 c3 43.
Rf8+ Kg7 44. Rc8 Rd1+ 45. Kg2 Rd2+ 46. Kg3 Nd4 47. Kf4 Rxh2 48. Rc7+ Kg8 49. Ke4 Nb5 50. Rc8+ Kf7 51. Ke3 c2 52. a4 Na3 53. Rc7+ Ke8 54.
Bxa3 Rh3+ 55. Kd2 Rxa3 56. Rxc2 Rxa4 57. Rc7 Rxg4 58. Rxh7 Re4 59. Rg7 Rxe5 60. Rxg6 Kd7 61. Rg7+ Kd6 62. Ra7 a5 63. Kd3 Rd5+ 64. Ke3 Ke5 65. Ra6 Rb5 66. Kd3 Rc5 67. Ke3 Kd5 68. Kd3 e5 69. Ke3 Kc4 70. Ra8 Kb4 71. Kd3 a4 72.
Rb8+ Rb5 73. Ra8 a3 74. Kc2 Rc5+ 75. Kb1 e4 76. Rb8+ Kc3 77. Kc1 e3 78. Kd1 a2 79.
Ra8 Kb2 80. Rb8+ Ka3 81. Ra8+ Kb3 82. Rb8+ Ka4 0-1

[Event "*** Titled Tuesday Blitz"]
[Site "Chess.com"]
[Date "2021.04.20"]
[Round "3"]
[White "tusplingher"]
[Black "Ajedrez_con_German"]
[Result "0-1"]
[WhiteElo "2249"]
[BlackElo "2490"]
[TimeControl "180+1"]
[EndTime "10:30:00 PDT"]
[Termination "Ajedrez_con_German won by checkmate"]

1. e4 d5 2. exd5 Qxd5 3. Nc3 Qd6 4. g3 Nf6 5. Bg2 c6 6. Nf3 Bg4 7. O-O e6 8. d4 Nbd7 9. h3 Bxf3 10. Bxf3 Qc7 11. Re1 Bd6 12. d5 cxd5 13. Bxd5 Nxd5 14. Nxd5 Qd8 15. Nc3 Be7 16. Bf4 O-O 17. Qd2 Nf6 18.
Rad1 Qa5 19. Re5 Qb4 20. Rb5 Qc4 21. Rxb7 Bb4 22. Rxb4 Qxb4 23. Bd6 Qxb2 24. Rb1 Ne4 25. Rxb2 Nxd2 26. Bxf8 Kxf8 27. Rb7 Rc8 28. Nb5 Rxc2 29. a4 a6 30. Nd6 f6 31. Rb6 Nf3+ 32. Kg2 Ne1+ 33.
Kg1 Nd3 34. Rxa6 Nxf2 35. h4 e5 36. Nf5 e4 37. Ra7 Nh3+ 38. Kf1 Rf2+ 39. Ke1 Rxf5 40. a5 e3 41. a6 Ra5 42. Ra8+ Kf7 43. a7 Kg6 44. Ke2 h5 45. Kxe3 Ng1 46. Kf2 Ra1 47. Re8 Rxa7 48. Kxg1 Ra2 49. Re7 Kh6 50. Rf7 Kg6 51. Re7 Rb2 52. Rd7 Re2 53. Rc7 Rd2 54. Re7 Rd8 55. Rc7 Rg8 56. Kg2 Kf5 57. Kf3 Kg6 58.
Rc6 Re8 59. Rc7 Re5 60. Kf4 Re1 61. g4 Rf1+ 62. Kg3 Rg1+ 63. Kf3 Rxg4 64. Rb7 Rxh4 65. Kg3 Rg4+ 66. Kh3 Rc4 67. Kg3 Kh6 68. Kh3 g5 69. Rf7 Kg6 70. Rf8 Rc3+ 71. Kg2 h4 72. Rg8+ Kf5 73.
Rf8 Rc2+ 74. Kh3 Rc3+ 75. Kg2 Rc6 76. Re8 Kg4 77. Re4+ Kh5 78. Re8 f5 79. Rh8+ Kg4 80.
Rd8 Rc2+ 81. Kg1 h3 82. Rd4+ f4 83. Rd3 Kh4 84. Kh1 g4 85. Rd4 Kg3 86. Rd3+ f3 87. Rd1 Rh2+ 88. Kg1 Rg2+ 89. Kf1 Rc2 90. Kg1 Re2 91.
Kh1 Kh4 92. Rg1 f2 93. Rf1 Re1 94. Kh2 Re2 95. Kh1 Re1 96. Kh2 g3+ 97. Kh1 Rxf1# 0-1

[Event "*** Titled Tuesday Blitz"]
[Site "Chess.com"]
[Date "2021.04.20"]
[Round "3"]
[White "Nuvas"]
[Black "Sanan_Sjugirov"]
[Result "0-1"]
[WhiteElo "2647"]
[BlackElo "2922"]
[TimeControl "180+1"]
[EndTime "10:30:22 PDT"]
[Termination "Sanan_Sjugirov won by resignation"]

1. d4 Nf6 2. c4 c5 3. d5 e6 4.
Nc3 exd5 5. cxd5 d6 6. e4 g6 7. f4 Bg7 8. Bb5+ Nfd7 9. Bd3 a6 10. a4 Qh4+ 11. g3 Qe7 12. Nf3 O-O 13. O-O Nf6 14.
Kg2 Bg4 15. h3 Bxf3+ 16. Qxf3 Nbd7 17. Re1 Rac8 18. Be3 Rfe8 19. Bf2 c4 20. Bc2 Qd8 21.
g4 h6 22. Rad1 Qa5 23. Bd4 Qc7 24. e5 dxe5 25. fxe5 Nxe5 26. Qg3 Nfd7 27. d6 Qa5 28. Be4 Nc6 29. Bxg7 Kxg7 30. Nd5 Re5 31. Ne7 Nxe7 32. dxe7 Rxe7 33. Bxb7 Rxe1 34. Qxe1 Qxe1 35. Rxe1 Rb8 36. Bxa6 Rxb2+ 37. Kf3 c3 38. Rc1 Nc5 39. Bc4 Nxa4 40. Ke3 Rh2 41. Bf1 Nb6 42. Kd4 c2 43. Bd3 Rxh3 44.
Rxc2 Rg3 45. Be2 Nd7 46. Rc7 Nf6 47. Bc4 Rxg4+ 48. Ke3 Rxc4 49. Rxc4 g5 50. Rc6 Nd5+ 51. Ke4 Ne7 52. Rc7 Ng6 53. Kf5 Nh4+ 54. Kg4 Kg6 55.
Rc6+ f6 56. Ra6 h5+ 57. Kg3 Nf5+ 58. Kf3 Nd4+ 59. Ke4 Nf5 60. Rb6 Ng3+ 61. Kf3 h4 62. Kg4 Nf5 63. Re6 Nh6+ 64. Kh3 Nf7 65. Ra6 Kf5 66.
Ra5+ Ne5 67. Ra6 Nd3 68. Ra5+ Kg6 69. Ra6 Nf2+ 70. Kg2 Ng4 71. Kh3 Ne3 72. Re6 Nd5 73. Rd6 Nf4+ 74. Kg4 Ng2 75. Ra6 Ne3+ 76. Kh3 Nd5 77. Rd6 Ne7 78. Re6 Kf7 79. Ra6 f5 80. Rd6 Ng6 81. Ra6 Nf4+ 82. Kh2 Ne6 83. Ra7+ Kf6 84.
Rh7 Kg6 85. Re7 Nf4 86. Ra7 g4 87. Ra8 g3+ 88. Kg1 Kg5 89. Rg8+ Ng6 90. Kg2 f4 91.
Rg7 Kf6 92. Rg8 Ne5 93. Rh8 f3+ 94. Kh3 g2 95. Rg8 Ng6 96. Kh2 Kf5 97. Rxg6 Kxg6 98. Kg1 Kg5 99. Kf2 h3 0-1

[Event "*** Titled Tuesday Blitz"]
[Site "Chess.com"]
[Date "2021.04.20"]
[Round "4"]
[White "Oleksandr_Bortnyk"]
[Black "seorobert1971"]
[Result "1-0"]
[WhiteElo "2944"]
[BlackElo "2717"]
[TimeControl "180+1"]
[EndTime "10:32:39 PDT"]
[Termination "Oleksandr_Bortnyk won by resignation"]

1. e4 e6 2. d4 d5 3. Nc3 Nf6 4. Bg5 Be7 5. Bxf6 Bxf6 6. Nf3 O-O 7. Bd3 c5 8. dxc5 Bxc3+ 9. bxc3 Qa5 10. O-O dxe4 11.
Bxe4 Qxc3 12. Qd6 Na6 13. Bxh7+ Kxh7 14. Qxf8 1-0